 Dungeon Crawl Stone Soup version 0.18.1-8-gdd0e5ea (webtiles) character file.

7034 Wooh the Nimble (level 11, -2/58 HPs)
             Began as a Vine Stalker Fighter on June 4, 2016.
             Was an Elder of Makhleb.
             Slain by a black mamba (9 damage)
             ... on level 1 of the Lair of Beasts.
             The game lasted 00:39:11 (8001 turns).

Wooh the Nimble (Vine Stalker Fighter)              Turns: 8001, Time: 00:39:11

Health: -2/58      AC:  8    Str: 19    XL:     11   Next: 8%
Magic:  0/15       EV: 16    Int:  8    God:    Makhleb [****..]
Gold:   500        SH:  9    Dex: 17    Spells: 0 memorised, 10 levels left

rFire  . . .     SeeInvis .     a - +0 long sword
rCold  . . .     Gourm    .     y - +0 troll leather armour
rNeg   . . .     Faith    .     c - +0 shield
rPois  .         Spirit   +     m - +2 helmet
rElec  .         Dismiss  .     (no cloak)
rCorr  .         Reflect  .     M - +0 pair of gloves
SustAt .         Harm     .     (no boots)
MR     ++...                    (no amulet)
Stlth  +++.......               F - ring of protection from magic
                                x - ring of stealth

@: lethally poisoned (-2 -> -29), very resistant to hostile enchantments, fairly
stealthy
A: fangs 3, camouflage 1, regeneration 2, evolution 1, magic shield, antimagic
bite, no device heal 3, rot immunity
a: Minor Destruction, Lesser Servant of Makhleb, Major Destruction, Renounce
Religion


You were on level 1 of the Lair of Beasts.
You worshipped Makhleb.
Makhleb was greatly pleased with you.
You were not hungry.

You visited 2 branches of the dungeon, and saw 11 of its levels.

You collected 500 gold pieces.

Inventory:

Hand Weapons
 a - a +0 long sword (weapon)
 n - a +2 short sword of holy wrath
 v - a +0 shortbow
Missiles
 i - 86 bolts
 t - 181 arrows
 w - a javelin (quivered)
 K - 4 throwing nets
Armour
 c - a +0 shield (worn)
 m - a +2 helmet (worn)
 y - a +0 troll leather armour (worn)
 M - a +0 pair of gloves (worn)
Jewellery
 x - a ring of stealth (left hand)
 F - a ring of protection from magic (right hand)
 G - an uncursed ring of protection from fire
Wands
 p - a wand of lightning (5/15)
Scrolls
 j - 3 scrolls of teleportation {unknown}
 l - a scroll of fog {unknown}
 s - 10 scrolls of remove curse
 C - 4 scrolls of fear
 D - a scroll of enchant armour {unknown}
 I - 2 scrolls of recharging {unknown}
 L - a scroll of blinking {unknown}
 O - 3 scrolls of magic mapping
 Q - a scroll of silence {unknown}
Potions
 d - a potion of might
 e - a potion of cancellation
 k - 9 potions of curing
 o - 2 potions of haste
 u - a potion of flight
 z - 2 potions of berserk rage
 A - a potion of ambrosia
Miscellaneous
 E - a plain deck of destruction
Comestibles
 f - 10 bread rations
 g - a meat ration
 q - 12 chunks of flesh


   Skills:
 - Level 6.5 Fighting
 - Level 8.6 Long Blades
 - Level 2.4 Armour
 + Level 9.7 Dodging
 - Level 2.6 Shields
 - Level 4.2 Invocations


You had 10 spell levels left.
You didn't know any spells.

Dungeon Overview and Level Annotations

Branches:
Dungeon (10/15)            Temple (0/1) D:6            Lair (1/8) D:8
    Orc: D:9-12

Altars:
Cheibriados
Gozag
Makhleb
Qazlal

Shops:
D:4 *


Innate Abilities, Weirdness & Mutations

You have razor-sharp teeth.
You heal very quickly.
When hurt, damage is shared between your health and your magic reserves.
Your bite disrupts and absorbs the magic of your enemies.
Potions and wands cannot restore your health.
You are immune to rotting.
Your skin changes colour to match your surroundings (Stealth).
You evolve.


Message History

The black mamba is moderately wounded.
You feel sick. The black mamba bites you!
You are more poisoned.
The black mamba poisons you!
You hit the black mamba. You bite the black mamba. You drain its power.
You feel invigorated.
The black mamba is heavily wounded.
You feel very sick. The black mamba bites you! x2
You slash the black mamba! Your bite misses the black mamba.
The black mamba is severely wounded.
You feel very sick. The black mamba barely misses you.
The black mamba bites you!
* * * LOW HITPOINT WARNING * * *
You are more poisoned.
The black mamba poisons you!
* * * LOW HITPOINT WARNING * * *
You feel very sick. The black mamba bites you!
You die...

.........#. .#
.......##.##..####
.......$..<.......
##.##.P##.####.#..
.................
........#########
........###.#.#
......$........
P#####.@......#
.......S.......
#.........P#.##
...............
##..####.......
##. #...... .
...... . ......
......


You could see a black mamba.

Vanquished Creatures
  A hill giant (D:8)
  Psyche (D:8)
  A troll (D:8)
  Sigmund (D:4)
  14 yaks
  Menkaure (D:7)
  A steam dragon (D:8)
  An orc warrior (D:7)
  2 sky beasts
  4 ice beasts
  2 phantoms
  A wasp (D:8)
  4 ogres
  5 wolves (D:8)
  4 centaurs
  A big kobold (D:7)
  3 giant frogs
  A wyvern zombie (D:7)
  A scorpion (D:4)
  3 wights (D:9)
  4 crimson imps
  2 giant frog zombies
  5 hounds
  A quasit (D:7)
  2 centaur zombies
  2 jellies (D:8)
  3 orc wizards
  5 iguanas
  3 worker ants
  A hound skeleton (D:9)
  A howler monkey zombie (D:6)
  2 worker ant zombies (D:8)
  Robin (D:3)
  9 gnolls
  8 adders
  2 shadow imps
  2 oozes
  3 adder skeletons
  3 worms
  3 dart slugs
  6 giant geckos
  11 orcs
  5 bats
  5 giant cockroaches
  10 goblins
  6 hobgoblins
  3 jackals
  3 kobolds
  2 quokkas
  3 ball pythons
  4 giant newts
  A quokka skeleton (D:4)
  4 rats
177 creatures vanquished.

Vanquished Creatures (others)
  An orc wizard (D:9)
  11 fungi (D:6)
12 creatures vanquished.

Grand Total: 189 creatures vanquished

Notes
Turn   | Place    | Note
--------------------------------------------------------------
     0 | D:1      | Wooh the Vine Stalker Fighter began the quest for the Orb.
     0 | D:1      | Reached XP level 1. HP: 11/11 MP: 2/2
   100 | D:1      | Reached XP level 2. HP: 13/16 MP: 3/3
   738 | D:2      | Reached XP level 3. HP: 13/21 MP: 2/4
   972 | D:2      | Found an opulent altar of Gozag.
  1185 | D:2      | Found a burning altar of Makhleb.
  1196 | D:2      | Became a worshipper of Makhleb the Destroyer
  1237 | D:3      | Reached XP level 4. HP: 5/26 MP: 2/5
  1343 | D:3      | Noticed Robin
  1384 | D:3      | Killed Robin
  1432 | D:3      | Found a faded altar to an unknown god.
  1478 | D:3      | Reached * piety under Makhleb
  1619 | D:3      | Noticed a centaur
  1629 | D:3      | Killed a centaur
  1629 | D:3      | Reached skill level 5 in Fighting
  1629 | D:3      | Reached XP level 5. HP: 8/31 MP: 1/6
  2299 | D:3      | Gained mutation: You heal very quickly. [Vine Stalker growth]
  2299 | D:3      | Reached XP level 6. HP: 5/36 MP: 3/7
  2333 | D:4      | Found a snail-covered altar of Cheibriados.
  2608 | D:4      | Found Vierr's Assorted Antiques.
  2707 | D:4      | Noticed a phantom
  2726 | D:4      | Killed a phantom
  2726 | D:4      | Reached XP level 7. HP: 34/41 MP: 8/8
  2856 | D:4      | Noticed Sigmund
  2879 | D:4      | Killed Sigmund
  3076 | D:5      | Entered Level 5 of the Dungeon
  3101 | D:5      | Reached ** piety under Makhleb
  3170 | D:5      | Reached skill level 5 in Long Blades
  3186 | D:5      | Gained mutation: You are agile. (Dex +2) [mutagenic meat]
  3229 | D:5      | Gained mutation: You have razor-sharp teeth. [Vine Stalker growth]
  3229 | D:5      | Reached XP level 8. HP: 45/45 MP: 9/9
  3293 | D:5      | Noticed a yak
  3295 | D:5      | Noticed a yak
  3295 | D:5      | Noticed a yak
  3295 | D:5      | Noticed a yak
  3297 | D:5      | Noticed a yak
  3305 | D:5      | Killed a yak
  3326 | D:5      | Killed a yak
  3331 | D:5      | Killed a yak
  3347 | D:5      | Killed a yak
  3351 | D:5      | Killed a yak
  3888 | D:5      | Reached XP level 9. HP: 47/49 MP: 4/10
  4548 | D:6      | Reached skill level 1 in Invocations
  4575 | D:6      | Found a staircase to the Ecumenical Temple.
  5313 | D:7      | Noticed Menkaure
  5331 | D:7      | Killed Menkaure
  5331 | D:7      | Reached skill level 1 in Dodging
  5403 | D:7      | Found a stormy altar of Qazlal.
  5451 | D:7      | Reached skill level 2 in Dodging
  5539 | D:7      | Reached skill level 3 in Dodging
  5545 | D:7      | Reached *** piety under Makhleb
  5888 | D:7      | Reached skill level 4 in Dodging
  5999 | D:8      | Noticed a hill giant
  6123 | D:8      | Reached skill level 5 in Dodging
  6246 | D:8      | Reached XP level 10. HP: 53/53 MP: 14/14
  6330 | D:8      | Found a staircase to the Lair.
  6338 | D:8      | Reached skill level 6 in Dodging
  6395 | D:8      | Killed a hill giant
  6429 | D:8      | Reached skill level 7 in Dodging
  6468 | D:8      | HP: 2/53 [troll (1)]
  6855 | D:8      | Noticed Psyche
  6893 | D:8      | Killed Psyche
  7166 | D:9      | Reached skill level 8 in Dodging
  7175 | D:9      | Reached **** piety under Makhleb
  7759 | D:10     | Entered Level 10 of the Dungeon
  7759 | D:10     | Noticed a hill giant
  7782 | D:10     | Reached skill level 9 in Dodging
  7793 | D:10     | Reached XP level 11. HP: 58/58 MP: 15/15
  7973 | Lair:1   | Entered Level 1 of the Lair of Beasts
  7983 | D:8      | Gained mutation: You evolve. [potion of mutation]
  7983 | D:8      | Gained mutation: Your skin changes colour to match your surroundings (Stealth). [potion of mutation]
  7983 | D:8      | Lost mutation: You are agile. (Dex +2) [potion of mutation]
  8001 | Lair:1   | Slain by a black mamba

Skill      XL: |  1  2  3  4  5  6  7  8  9 10 |
---------------+-------------------------------+-----
Fighting       | 3 4 5 6 |  6.5
Long Blades    | 2 5 8 |  8.6
Invocations    | 4 |  4.2
Dodging        | 5 9 |  9.7
Armour         | |  2.4
Shields        | |  2.6

Action                   |  1- 3 |  4- 6 |  7- 9 | 10-12 || total
-------------------------+-------+-------+-------+-------++-------
Melee: Long sword        |    85 |   128 |   321 |   262 ||   796
       Bite              |    24 |    46 |   143 |   112 ||   325
Throw: Javelin           |       |     2 |       |       ||     2
Invok: Minor Destruction |       |       |     1 |     2 ||     3
  Use: Scroll            |       |       |     7 |     7 ||    14
       Potion            |       |       |       |     1 ||     1
 Stab: Sleeping          |       |       |     5 |     4 ||     9
       Distracted        |       |       |     1 |       ||     1
  Eat: Chunk             |     1 |     5 |    13 |     6 ||    25
Armor: Scale mail        |    40 |    42 |       |       ||    82
       Troll leather arm |       |     6 |    75 |    54 ||   135
Dodge: Dodged            |    37 |    44 |    77 |   164 ||   322
Block: Shield            |    41 |    74 |   122 |    95 ||   332
